[Event "*** Qualifier 1: Titled Tuesday 3|2 Blitz"]
[Site "Chess.com"]
[Date "2017.04.04"]
[Round "4"]
[White "Alexander_Moskalenko"]
[Black "Keaton87"]
[Result "0-1"]
[WhiteElo "2618"]
[BlackElo "2499"]
[TimeControl "180+2"]
[EndTime "13:49:41 PDT"]
[Termination "Keaton87 won by resignation"]

1. e4 c5 2. Nf3 d6 3. d3 Nc6 4. g3 g6 5. Nbd2 Bg7 6. Bg2 e5 7.
O-O Nge7 8. c3 O-O 9. a3 h6 10. b4 b6 11. Re1 Be6 12. b5 Na5 13. c4 f5 14. a4 f4 15. Nf1 g5 16. h3 Qd7 17. g4 Ng6 18. N3h2 Bf6 19. Bf3 Bd8 20. Be2 Bc7 21. f3 Kf7 22. Nd2 Ke7 23. Nb3 Nxb3 24. Qxb3 a5 25. Rf1 Rh8 26. Rf2 Rh7 27. Bf1 Rah8 28.
Raa2 Kd8 29. Rad2 Kc8 30. Qc2 Bd8 31. Bb2 Kb7 32. Be2 h5 33. Bd1 hxg4 34. hxg4 Rh3 35. Bc3 Qh7 36. Rg2 Rg3 37. Kf1 Qh3 38. Ke1 Nh4 39.
Rgf2 Rg1+ 40. Nf1 Qh1 41. Qb2 Ng2+ 42. Ke2 Ne3 43. Bxe5 Rxf1 0-1

[Event "*** Qualifier 1: Titled Tuesday 3|2 Blitz"]
[Site "Chess.com"]
[Date "2017.04.04"]
[Round "4"]
[White "Ilja_Semjonovs"]
[Black "Grootneus"]
[Result "1-0"]
[WhiteElo "2153"]
[BlackElo "2095"]
[TimeControl "180+2"]
[EndTime "13:49:46 PDT"]
[Termination "Ilja_Semjonovs won by resignation"]

1. e4 c5 2. Nf3 Nc6 3. d4 cxd4 4.
Nxd4 Nf6 5. Nc3 e5 6. Ndb5 d6 7. Bg5 a6 8. Na3 b5 9. Nd5 Be7 10. Bxf6 Bxf6 11. c3 Bg5 12. Nc2 Rb8 13. a4 bxa4 14.
Nce3 O-O 15. Qxa4 Bd7 16. Be2 Rxb2 17. Qxa6 f5 18. exf5 e4 19. Bc4 Kh8 20. O-O Ne5 21. Ba2 Bf4 22. Nxf4 Bb5 23. Qa3 Qg5 24. Qxb2 Nf3+ 25.
Kh1 Qxf4 26. gxf3 Qxf3+ 27. Kg1 Rxf5 28. Nxf5 Qg4+ 29. Ng3 Bc6 1-0

[Event "*** Qualifier 1: Titled Tuesday 3|2 Blitz"]
[Site "Chess.com"]
[Date "2017.04.04"]
[Round "4"]
[White "Sethu0025"]
[Black "biostatistician"]
[Result "0-1"]
[WhiteElo "2595"]
[BlackElo "2474"]
[TimeControl "180+2"]
[EndTime "13:49:47 PDT"]
[Termination "biostatistician won by resignation"]

1. e4 e6 2. d4 d5 3. Nc3 Nf6 4.
e5 Nfd7 5. f4 c5 6. Nf3 Nc6 7.
Be3 a6 8. Qd2 b5 9. dxc5 Bxc5 10. O-O-O Qb6 11. Bxc5 Nxc5 12. Bd3 b4 13. Ne2 a5 14.
Kb1 a4 15. Ned4 Nxd4 16. Nxd4 O-O 17. h4 Ba6 18. Bxa6 Rxa6 19. Qe2 Ne4 20. Nb5 a3 21. Rh3 Rb8 22. Nd6 Nc3+ 23. bxc3 bxc3+ 24. Nb5 Qxb5+ 25. Qxb5 Rxb5+ 26. Ka1 Rc6 27. Rdd3 Rbc5 28. Rd4 Rc4 29. Rhd3 h5 30. g3 Kh7 31. f5 Rxd4 32. Rxd4 Rc4 33. Rd3 Re4 34. Rd1 Rxe5 0-1

[Event "*** Qualifier 1: Titled Tuesday 3|2 Blitz"]
[Site "Chess.com"]
[Date "2017.04.04"]
[Round "4"]
[White "silverback96"]
[Black "Schemato"]
[Result "0-1"]
[WhiteElo "2071"]
[BlackElo "2244"]
[TimeControl "180+2"]
[EndTime "13:49:59 PDT"]
[Termination "Schemato won by resignation"]

1. e4 e6 2. d4 d5 3. Nd2 Be7 4.
Ngf3 Nf6 5. e5 Nfd7 6. Bd3 c5 7. c3 b6 8. Qe2 a5 9. Nf1 Ba6 10. Ng3 Bxd3 11. Qxd3 Nc6 12. h4 h5 13. Bg5 Rc8 14. Bxe7 Qxe7 15. Ng5 cxd4 16. Qf3 Ncxe5 17. Qe2 dxc3 18.
bxc3 g6 19. O-O Rc4 20. f4 Ng4 21. f5 Nde5 22. fxe6 fxe6 23. Rab1 Rf8 24. Rxb6 Qc5+ 25. Kh1 Qxb6 26. Rxf8+ Kxf8 27. Nf1 Nf2+ 28. Kh2 Rxh4+ 29. Kg3 Rg4+ 30. Kh2 Rxg5 31. Ne3 Neg4+ 32. Nxg4 Nxg4+ 33. Kh1 Qb1+ 0-1

[Event "*** Qualifier 1: Titled Tuesday 3|2 Blitz"]
[Site "Chess.com"]
[Date "2017.04.04"]
[Round "4"]
[White "chipmunknau"]
[Black "gmcorrales"]
[Result "0-1"]
[WhiteElo "2414"]
[BlackElo "2579"]
[TimeControl "180+2"]
[EndTime "13:50:06 PDT"]
[Termination "gmcorrales won by resignation"]

1. d4 Nf6 2. Nf3 g6 3. c4 Bg7 4.
Nc3 d5 5. cxd5 Nxd5 6. Qb3 Nxc3 7. bxc3 O-O 8. Bf4 c5 9. e3 Nc6 10. Be2 cxd4 11. exd4 Na5 12. Qb4 Bg4 13. O-O Rc8 14.
h3 Bxf3 15. Bxf3 b6 16. Rfe1 e6 17. Rac1 Qd7 18. Red1 Rc4 19. Qa3 Rfc8 20. Be2 Ra4 21. Qb2 Nc4 22. Qb3 Ra3 23. Qb1 Qa4 24. Bd3 Rxa2 25.
Bc2 Qa3 26. Qb5 Qe7 27. Bb3 Ra5 28. Qb4 Qf6 29. Bd6 Nxd6 30. Qxd6 Qd8 31. Qf4 Ra3 32. Rb1 Rxc3 0-1

[Event "*** Qualifier 1: Titled Tuesday 3|2 Blitz"]
[Site "Chess.com"]
[Date "2017.04.04"]
[Round "4"]
[White "ka1ser64"]
[Black "Superfelix"]
[Result "1-0"]
[WhiteElo "2338"]
[BlackElo "2310"]
[TimeControl "180+2"]
[EndTime "13:50:08 PDT"]
[Termination "ka1ser64 won by checkmate"]

1. d4 Nf6 2. c4 g6 3. Nc3 Bg7 4.
e4 d6 5. Nf3 O-O 6. Be2 Na6 7.
O-O e5 8. Re1 Qe8 9. Bf1 c6 10.
Be3 Ng4 11. Bg5 f6 12. Bd2 Nc7 13. h3 Nh6 14. Be3 Nf7 15. c5 dxc5 16. dxc5 Be6 17. Qa4 a5 18. Rad1 Qe7 19. Nd2 Bh6 20. Bxh6 Nxh6 21.
Qa3 Nf7 22. Nc4 Bxc4 23. Bxc4 Ne6 24. Na4 Rfd8 25. Nb6 Rxd1 26. Rxd1 Rd8 27. Rxd8+ Nfxd8 28. Qxa5 Kg7 29. b4 Nd4 30. Nc8 Qd7 31. Nd6 N8e6 32.
Qa8 b5 33. cxb6 Qxd6 34. b7 Qxb4 35. b8=Q Qe1+ 36. Kh2 Qxf2 37. Qa3 Nf4 38. Qbf8# 1-0

[Event "*** Qualifier 1: Titled Tuesday 3|2 Blitz"]
[Site "Chess.com"]
[Date "2017.04.04"]
[Round "4"]
[White "Tirantes"]
[Black "Gulkov_Igor"]
[Result "0-1"]
[WhiteElo "2187"]
[BlackElo "2317"]
[TimeControl "180+2"]
[EndTime "13:50:09 PDT"]
[Termination "Gulkov_Igor won by resignation"]

1. e4 c5 2. Nf3 d6 3. Bb5+ Bd7 4.
Bxd7+ Qxd7 5. c4 Nf6 6. Nc3 Nc6 7. O-O Ne5 8. d3 g6 9. Bf4 Nxf3+ 10. Qxf3 Bg7 11. h3 O-O 12. Qe3 e6 13. Bh6 Rad8 14.
Bxg7 Kxg7 15. d4 cxd4 16. Qxd4 a6 17. Rad1 Qc6 18. b3 Qc5 19. Rfe1 Qxd4 20. Rxd4 Rd7 21. Red1 Rfd8 22. Kf1 Kf8 23. Ke2 Ke7 24. R4d3 Ne8 25.
f4 f5 26. g4 fxe4 27. Nxe4 Nf6 28. Kf3 Nxe4 29. Kxe4 b5 30. f5 bxc4 31. bxc4 Rc8 32. Rd4 e5 33. R4d2 Rxc4+ 34. Kd5 Rdc7 35. f6+ Kd7 0-1

[Event "*** Qualifier 1: Titled Tuesday 3|2 Blitz"]
[Site "Chess.com"]
[Date "2017.04.04"]
[Round "4"]
[White "Storne89"]
[Black "aNaartjieZA"]
[Result "1-0"]
[WhiteElo "2536"]
[BlackElo "2290"]
[TimeControl "180+2"]
[EndTime "13:50:20 PDT"]
[Termination "Storne89 won by resignation"]

1. e4 e6 2. d4 d5 3. exd5 exd5 4.
Nf3 Bd6 5. Bd3 Ne7 6. O-O Bg4 7. Nc3 Nbc6 8. Nb5 a6 9. Nxd6+ Qxd6 10. c3 h5 11. b4 h4 12. h3 Bh5 13. a4 f6 14.
Re1 g5 15. Ba3 Qf4 16. b5 axb5 17. axb5 Rxa3 18. Rxa3 Nd8 19. Qe2 Qd6 20. Ra8 Kd7 21.
c4 dxc4 22. Bxc4 c6 23. b6 Ng6 24. d5 Nf4 25. dxc6+ Nxc6 26. Qa2 Bxf3 27. Rxh8 Ne5 28. Rh7+ Kc6 29. Qa4+ Kc5 30. Qa3+ Kc6 31. Rc7+ Qxc7 32. bxc7 Bxg2 1-0

[Event "*** Qualifier 1: Titled Tuesday 3|2 Blitz"]
[Site "Chess.com"]
[Date "2017.04.04"]
[Round "4"]
[White "Robin-Side"]
[Black "BogdanDeac"]
[Result "1-0"]
[WhiteElo "2390"]
[BlackElo "2333"]
[TimeControl "180+2"]
[EndTime "13:50:23 PDT"]
[Termination "Robin-Side won by resignation"]

1. d4 g6 2. c4 Bg7 3. Nc3 c5 4.
d5 Bxc3+ 5. bxc3 d6 6. e4 Qa5 7. Qc2 f5 8. Bd3 fxe4 9. Bxe4 Nf6 10. Bd3 Nbd7 11. Nf3 Nb6 12. h3 Bf5 13. Bxf5 gxf5 14. O-O Nxc4 15. Qxf5 Qxc3 16. Bg5 Ne5 17. Bxf6 Nxf3+ 18. gxf3 Qxf6 19. Qxf6 exf6 20. Rfe1+ Kd7 21. Re6 Rhf8 22.
f4 f5 23. Kg2 Rae8 24. Rae1 Rxe6 25. Rxe6 b5 26. Kf3 b4 27. Rh6 Re8 28. Rxh7+ Re7 29. Rh8 Kc7 30. Ra8 Kb6 31. Rd8 c4 32. Rxd6+ Kc5 33. Rd8 c3 34. d6 Re1 35. d7 Kd6 36.
Re8 1-0

[Event "*** Qualifier 1: Titled Tuesday 3|2 Blitz"]
[Site "Chess.com"]
[Date "2017.04.04"]
[Round "4"]
[White "Alex_Molchanov"]
[Black "michaelk123"]
[Result "1-0"]
[WhiteElo "2352"]
[BlackElo "2198"]
[TimeControl "180+2"]
[EndTime "13:50:23 PDT"]
[Termination "Alex_Molchanov won by resignation"]

1. d4 Nf6 2. c4 g6 3. Nc3 d5 4.
Nf3 Bg7 5. Bg5 Ne4 6. cxd5 Nxg5 7. Nxg5 e6 8. h4 exd5 9. e3 h6 10. Nf3 c6 11. Be2 a5 12. Na4 Bg4 13. Qb3 b5 14.
Nc5 O-O 15. Rc1 Re8 16. Nd3 a4 17. Qc2 Qa5+ 18. Qd2 Qd8 19. Nfe5 Bxe2 20. Kxe2 Qd6 21. f4 Ra7 22. h5 gxh5 23. Rh3 Bxe5 24. fxe5 Qg6 25. Nf4 Qg4+ 26. Kf2 h4 27. Rch1 f6 28. Rxh4 Qg7 29. e6 Kf8 30. Rxh6 Qg4 31. Rh8+ Ke7 32.
R8h7+ Kd6 33. Qb4+ 1-0

[Event "*** Qualifier 1: Titled Tuesday 3|2 Blitz"]
[Site "Chess.com"]
[Date "2017.04.04"]
[Round "4"]
[White "Tesla37"]
[Black "Zhani-Z"]
[Result "1-0"]
[WhiteElo "2566"]
[BlackElo "2379"]
[TimeControl "180+2"]
[EndTime "13:50:29 PDT"]
[Termination "Tesla37 won by checkmate"]

1. e4 e5 2. Nf3 Nc6 3. Bb5 a6 4.
Ba4 Nf6 5. O-O b5 6. Bb3 Bb7 7. d3 Be7 8. Nc3 O-O 9. a3 Nd4 10. Nxd4 exd4 11. Ne2 c5 12. Ng3 d5 13. e5 Nd7 14. Re1 f5 15. c3 dxc3 16. bxc3 Nb6 17.
d4 Nc4 18. Bc2 g6 19. Bh6 Rf7 20. Qf3 Rc8 21. h4 Bxh4 22. e6 Re7 23. Nxf5 gxf5 24. Bxf5 Bf6 25. Bg4 Bg7 26. Bg5 Qd6 27. Bf5 Rf8 28. Qh3 Bf6 29. Bh6 Rfe8 30. Re2 cxd4 31. cxd4 Bxd4 32. Rd1 Bf6 33. Rd3 d4 34. Rg3+ Kh8 35.
Bg7+ Rxg7 36. Rxg7 Kxg7 37. Qxh7+ Kf8 38. Qf7# 1-0

[Event "*** Qualifier 1: Titled Tuesday 3|2 Blitz"]
[Site "Chess.com"]
[Date "2017.04.04"]
[Round "4"]
[White "RobertoJBM"]
[Black "GM_Donatello"]
[Result "1-0"]
[WhiteElo "2417"]
[BlackElo "2550"]
[TimeControl "180+2"]
[EndTime "13:50:30 PDT"]
[Termination "RobertoJBM won by resignation"]

1. d4 f5 2. g3 Nf6 3. Bg2 g6 4.
Nf3 Bg7 5. O-O O-O 6. b3 a5 7.
Bb2 d6 8. d5 Na6 9. c4 Nc5 10.
Nd4 Qe8 11. Nc3 e5 12. dxe6 c6 13. Qd2 Nxe6 14. Nxe6 Qxe6 15. Rad1 Rd8 16. Na4 Ne8 17. Bxg7 Kxg7 18. Rfe1 Nf6 19. Qd4 Kg8 20. e4 fxe4 21.
Bxe4 Nxe4 22. Rxe4 Qf7 23. Rde1 c5 24. Qd2 Bh3 25.
Rf4 Qg7 26. Nb6 Rab8 27. Qd5+ Kh8 28. Qf7 Rf8 29. Qxg7+ Kxg7 30. Re7+ Kg8 31. Rh4 Bf5 32. Rhxh7 Rfe8 33. Reg7+ Kf8 34. Rf7+ Kg8 35. f3 Re2 36. Nd5 1-0

[Event "*** Qualifier 1: Titled Tuesday 3|2 Blitz"]
[Site "Chess.com"]
[Date "2017.04.04"]
[Round "4"]
[White "Keranke"]
[Black "joppie2"]
[Result "1-0"]
[WhiteElo "2716"]
[BlackElo "2606"]
[TimeControl "180+2"]
[EndTime "13:50:37 PDT"]
[Termination "Keranke won by resignation"]

1. d4 d5 2. Bf4 Nf6 3. e3 e6 4. Nf3 Bd6 5. Ne5 b6 6. Nd2 c5 7. Bb5+ Kf8 8. c3 Qc7 9. Ndf3 Nh5 10.
Bg3 f6 11. Nh4 Nxg3 12. hxg3 fxe5 13. Ng6+ Kg8 14. Nxh8 Kxh8 15. Qh5 g6 16. Qxg6 Qg7 17. Qe8+ Qf8 18. Qh5 Qg7 19. dxe5 Bxe5 20. Bd3 Nd7 21.
Qe8+ Nf8 22. Rxh7+ Qxh7 23. Bxh7 Bb7 24. Qf7 Nxh7 25. Qxb7 Rf8 26. Ke2 Bg7 27. Rh1 Kg8 28.
Qxa7 Ng5 29. Qxb6 Rf6 30. f3 Nf7 31. Qxc5 Bf8 32. Qc6 Rg6 33. g4 Kg7 34. Qd7 Kg8 35.
a4 Ne5 36. Qe8 Rg7 37. a5 Nc4 38. Qxe6+ 1-0

[Event "*** Qualifier 1: Titled Tuesday 3|2 Blitz"]
[Site "Chess.com"]
[Date "2017.04.04"]
[Round "4"]
[White "Yaacovn"]
[Black "Aygehovit1992"]
[Result "1-0"]
[WhiteElo "2606"]
[BlackElo "2441"]
[TimeControl "180+2"]
[EndTime "13:50:47 PDT"]
[Termination "Yaacovn won by resignation"]

1. d4 d6 2. Nf3 g6 3. e3 Bg7 4.
Bc4 Nf6 5. O-O O-O 6. b3 a6 7.
Bb2 b5 8. Be2 c6 9. c4 bxc4 10.
Bxc4 Nbd7 11. Qe2 Nb6 12. Bd3 a5 13. a4 Be6 14. Nbd2 h6 15. Rfc1 Qd7 16. h3 Nbd5 17. Nc4 Rfb8 18. Nfd2 Nb4 19. Bb1 Qa7 20. e4 Nh5 21.
Nf3 Bc8 22. Qd2 Nf6 23. e5 dxe5 24. dxe5 Nfd5 25. Bd4 c5 26. Bb2 Be6 27. Nh2 Nc6 28. Be4 Nd4 29. Bxd4 cxd4 30. Nf3 Rxb3 31. Nxd4 Rb4 32.
Nc6 Qc5 33. Bxd5 Bxd5 34. Qxd5 1-0

[Event "*** Qualifier 1: Titled Tuesday 3|2 Blitz"]
[Site "Chess.com"]
[Date "2017.04.04"]
[Round "4"]
[White "peteseeger"]
[Black "DavidMarkosyan"]
[Result "0-1"]
[WhiteElo "2120"]
[BlackElo "2355"]
[TimeControl "180+2"]
[EndTime "13:50:48 PDT"]
[Termination "DavidMarkosyan won by checkmate"]

1. e4 d6 2. d4 Nf6 3. Nc3 e5 4.
Nge2 Nc6 5. f3 exd4 6. Nxd4 Be7 7. Be3 O-O 8. Qd2 d5 9. Nxc6 bxc6 10. e5 Nd7 11. f4 Nc5 12. O-O-O Rb8 13. Be2 a5 14. g4 Rb4 15. f5 Ne4 16. Nxe4 Rxe4 17. f6 gxf6 18. Bh6 fxe5 19. Bd3 Rxg4 20. Rhg1 Rg6 21.
Bxg6 fxg6 22. Bxf8 Bxf8 23. Qe1 Bg7 24. h4 a4 25. a3 Bf5 26. h5 e4 27. hxg6 hxg6 28. Qb4 Qe8 29. Rde1 Qe5 30. c3 e3 31. Qxa4 Qh2 32. Rgf1 Qd2# 0-1

[Event "*** Qualifier 1: Titled Tuesday 3|2 Blitz"]
[Site "Chess.com"]
[Date "2017.04.04"]
[Round "4"]
[White "Duhless"]
[Black "MaestroASK"]
[Result "1-0"]
[WhiteElo "2716"]
[BlackElo "2481"]
[TimeControl "180+2"]
[EndTime "13:50:50 PDT"]
[Termination "Duhless won by resignation"]

1. c4 d6 2. Nc3 g6 3. g3 Bg7 4.
Bg2 c6 5. d4 e5 6. Nf3 f6 7. O-O Nh6 8. b4 Nf7 9. c5 dxc5 10.
bxc5 exd4 11. Nxd4 O-O 12. e3 Na6 13. Ba3 Qa5 14. Qb3 f5 15. Rac1 Re8 16. Nce2 Bf8 17. Nf4 Bxc5 18. Bb2 Qb4 19. Qc2 Bf8 20. Nxc6 bxc6 21.
Bxc6 Bb7 22. Nd5 Bxc6 23. Nf6+ Kg7 24. Nxe8+ Kh6 25. Qxc6 Qxb2 26. Qxa8 Ng5 27. Nc7 1-0

[Event "*** Qualifier 1: Titled Tuesday 3|2 Blitz"]
[Site "Chess.com"]
[Date "2017.04.04"]
[Round "4"]
[White "Maung-Mg-KZH"]
[Black "Fiona"]
[Result "1-0"]
[WhiteElo "2312"]
[BlackElo "2241"]
[TimeControl "180+2"]
[EndTime "13:50:52 PDT"]
[Termination "Maung-Mg-KZH won on time"]

1. Nf3 f5 2. d4 g6 3. c4 Bg7 4.
Nc3 c6 5. g3 Nf6 6. Bg2 O-O 7.
O-O d6 8. Re1 Nbd7 9. Bf4 Qe8 10. e4 e5 11. exf5 Nh5 12. Bd2 gxf5 13. c5 e4 14. cxd6 Qg6 15. Nh4 Qf7 16. Bh3 Nb6 17.
f3 Bxd4+ 18. Kh1 Bf2 19. Re2 Bxg3 20. Rg2 f4 21. Bxc8 Raxc8 22. Nxe4 Kh8 23. Bc3+ Ng7 24.
hxg3 Nd5 25. Ng5 Qh5 26. Bxg7+ Kxg7 27. Ne6+ Kf7 28. Nxf8 Rxf8 29. Qd4 Ke8 30. Re1+ 1-0

[Event "*** Qualifier 1: Titled Tuesday 3|2 Blitz"]
[Site "Chess.com"]
[Date "2017.04.04"]
[Round "4"]
[White "NTBT_DHS"]
[Black "OparinGrigoriy"]
[Result "0-1"]
[WhiteElo "2454"]
[BlackElo "2586"]
[TimeControl "180+2"]
[EndTime "13:50:59 PDT"]
[Termination "OparinGrigoriy won by resignation"]

1. d4 Nf6 2. c4 e6 3. g3 d5 4. Nf3 Bb4+ 5. Bd2 Be7 6. Bg2 O-O 7.
Qc2 Nbd7 8. O-O Ne4 9. Nc3 Nxd2 10. Qxd2 c6 11. Qd3 f5 12. Rad1 Rb8 13. e3 Bd6 14. a3 a5 15. c5 Bc7 16. b4 axb4 17.
axb4 b5 18. Nd2 Nf6 19. Ra1 Bd7 20. f4 Ra8 21. h3 Qe7 22. Kh2 g5 23. Nf3 g4 24.
Ne5 gxh3 25. Bxh3 Kh8 26. Qe2 Qg7 27. Qf3 Rfd8 28. Rg1 Be8 29. g4 Rxa1 30. Rxa1 fxg4 31. Nxg4 Bh5 32. Ra7 Bxg4 33. Qg3 Rg8 34. Bxg4 Nxg4+ 35. Kg1 Bxf4 36. Qxf4 Qxa7 37. Ne2 Qa1+ 38. Kg2 Qa7 39. Ng3 Qg7 40. Kf3 Rf8 0-1

[Event "*** Qualifier 1: Titled Tuesday 3|2 Blitz"]
[Site "Chess.com"]
[Date "2017.04.04"]
[Round "4"]
[White "Buffy7"]
[Black "Rodalquilar"]
[Result "1-0"]
[WhiteElo "2531"]
[BlackElo "2559"]
[TimeControl "180+2"]
[EndTime "13:51:03 PDT"]
[Termination "Buffy7 won by resignation"]

1. d4 Nf6 2. c4 e6 3. Nf3 d5 4.
Nc3 Bb4 5. Qa4+ Nc6 6. Bd2 O-O 7. e3 dxc4 8. Bxc4 Bd6 9. Qc2 a6 10.
O-O e5 11. dxe5 Nxe5 12. Nxe5 Bxe5 13. Be2 Bg4 14. Bxg4 Nxg4 15. h3 Qh4 16. Qf5 h5 17. Rfd1 g6 18. Qf3 Rad8 19. hxg4 Qh2+ 20. Kf1 hxg4 21.
Qe4 Rfe8 22. Be1 Rxd1 23. Rxd1 g3 24. f4 f5 25. Qd5+ Kg7 26. fxe5 Kh6 27. Qf3 Rxe5 28.
Bxg3 Qh1+ 29. Kf2 Qxd1 30. Bf4+ g5 31. Nxd1 gxf4 32. Qxf4+ 1-0

[Event "*** Qualifier 1: Titled Tuesday 3|2 Blitz"]
[Site "Chess.com"]
[Date "2017.04.04"]
[Round "4"]
[White "Fandorine"]
[Black "HaryKane"]
[Result "1-0"]
[WhiteElo "2632"]
[BlackElo "2398"]
[TimeControl "180+2"]
[EndTime "13:51:06 PDT"]
[Termination "Fandorine won by resignation"]

1. e4 e6 2. d4 d5 3. Nd2 Nf6 4. e5 Nfd7 5. f4 c5 6. c3 Nc6 7. Ngf3 cxd4 8. cxd4 Bb4 9. a3 Ba5 10.
b4 Bb6 11. Nb3 O-O 12. Bd3 f6 13. b5 Na5 14. Nxa5 Bxa5+ 15. Ke2 fxe5 16. fxe5 Bc3 17. Rb1 Rxf3 18. gxf3 Qh4 19. Be3 Nf8 20. Qg1 Bd7 21. Rc1 Ba5 22. Qg5 Qh3 23. Rhg1 g6 24. Qg3 Qxg3 25. hxg3 a6 26. bxa6 bxa6 27. g4 Ba4 28. f4 Rb8 29. Rb1 Rd8 30. f5 Be8 31. Rb7 Bc6 32.
Ra7 Rb8 33. Rxa6 Rb2+ 34. Kf3 Rb3 35. Rxa5 Rxd3 36. Rc1 Be8 37. f6 g5 38. Rc7 h5 39.
Rg7+ Kh8 40. Ra8 hxg4+ 41. Ke2 1-0

[Event "*** Qualifier 1: Titled Tuesday 3|2 Blitz"]
[Site "Chess.com"]
[Date "2017.04.04"]
[Round "4"]
[White "Kacparov"]
[Black "fastestmindalive"]
[Result "1-0"]
[WhiteElo "2605"]
[BlackElo "2415"]
[TimeControl "180+2"]
[EndTime "13:51:23 PDT"]
[Termination "Kacparov won by resignation"]

1. e4 c5 2. Nf3 e6 3. d4 cxd4 4. Nxd4 Bc5 5. Nb3 Bb6 6. Nc3 Ne7 7. g3 O-O 8. Bg2 f5 9. exf5 Nxf5 10. O-O Nc6 11. a4 d5 12. a5 Nxa5 13. Nxa5 Bxa5 14. Nxd5 Kh8 15. Ne3 Bb6 16. Qxd8 Rxd8 17. Nc4 Bc5 18. c3 Bd7 19. Ne5 Bb5 20. Nf7+ Kg8 21. Nxd8 Rxd8 22. Re1 Rf8 23. Be3 Nxe3 24. fxe3 Ba6 25. Rad1 b5 26. Be4 Bc8 27. Kg2 g6 28. Rf1 Re8 29.
Bc6 Rf8 30. Rxf8+ Bxf8 31. Rd8 Ba6 32. Ra8 b4 33. cxb4 Bd3 34. b5 Kg7 35. Rxa7+ Kf6 36. Rxh7 Bc5 37. Kf3 g5 38. Rd7 Bc2 39. b4 Bb6 40. g4 Ke5 41. Rb7 Bd1+ 42. Kf2 Bd8 43. Rd7 1-0

[Event "*** Qualifier 1: Titled Tuesday 3|2 Blitz"]
[Site "Chess.com"]
[Date "2017.04.04"]
[Round "4"]
[White "stefanodinn"]
[Black "FMchesstrainer"]
[Result "0-1"]
[WhiteElo "2189"]
[BlackElo "2359"]
[TimeControl "180+2"]
[EndTime "13:51:23 PDT"]
[Termination "FMchesstrainer won on time"]

1. e4 c5 2. Nf3 g6 3. c3 Bg7 4.
d4 cxd4 5. cxd4 d5 6. exd5 Nf6 7.
Bb5+ Bd7 8. Bc4 O-O 9. Nc3 Bf5 10.
O-O Nbd7 11. Nh4 Bg4 12. f3 Nb6 13. Bb3 Bc8 14. Re1 Nbxd5 15. Ne4 b6 16. Bg5 Bb7 17. Qd2 Rc8 18. Rad1 Qd7 19. Bh6 e6 20. Qg5 Ne8 21. Bxg7 Kxg7 22. f4 h6 23. Qg3 Nd6 24. Nc3 Ne8 25. Ne4 Nef6 26. Nxf6 Nxf6 27. Nf3 Bxf3 28. Qxf3 Rfd8 29. g3 Nd5 30. Kg2 Qd6 31. Re2 Rc7 32. Red2 Rdc8 33. a3 Rc1 34. Bxd5 Qxd5 35. Qxd5 exd5 36.
Kf3 Rxd1 37. Rxd1 Rc2 0-1

[Event "*** Qualifier 1: Titled Tuesday 3|2 Blitz"]
[Site "Chess.com"]
[Date "2017.04.04"]
[Round "4"]
[White "Generalas"]
[Black "CalinGheorghiu"]
[Result "0-1"]
[WhiteElo "2187"]
[BlackElo "2255"]
[TimeControl "180+2"]
[EndTime "13:51:29 PDT"]
[Termination "CalinGheorghiu won by resignation"]

1. e4 e6 2. d4 d5 3. exd5 exd5 4.
c4 Nf6 5. Nf3 Bb4+ 6. Nc3 O-O 7.
Be2 dxc4 8. O-O Be6 9. Bg5 Nc6 10. Qa4 Be7 11. Rad1 Nd5 12. Bxe7 Qxe7 13. Nxd5 Bxd5 14.
Rfe1 Qf6 15. Qb5 Rad8 16. Bxc4 Bxf3 17. gxf3 Nxd4 18. Rxd4 Rxd4 19. Qb3 Rh4 20. Bf1 Qd6 21. h3 Rd4 22. Qxb7 a5 23. Qb3 Rd2 24. Qc3 Qd4 25.
Rc1 Qxf2+ 0-1

[Event "*** Qualifier 1: Titled Tuesday 3|2 Blitz"]
[Site "Chess.com"]
[Date "2017.04.04"]
[Round "4"]
[White "MagnusSeinFanboy"]
[Black "keisyzrk"]
[Result "0-1"]
[WhiteElo "2233"]
[BlackElo "2251"]
[TimeControl "180+2"]
[EndTime "13:51:29 PDT"]
[Termination "keisyzrk won by resignation"]

1. Nf3 Nf6 2. c4 g6 3. Nc3 d5 4. cxd5 Nxd5 5. h4 h6 6. e4 Nxc3 7. dxc3 Bg7 8. Qxd8+ Kxd8 9. Bf4 Nd7 10. O-O-O c6 11.
Bc4 Ke8 12. Rd2 Nc5 13. Rhd1 Be6 14. Bc7 f6 15. Bxe6 Nxe6 16. Bg3 Kf7 17. h5 gxh5 18. Nh4 Rhd8 19. Nf5 Bf8 20. Rd7 Rxd7 21. Rxd7 Nc5 22. Rc7 Nxe4 23. Rxb7 Nxg3 24. Nxg3 Kg6 25. Rc7 h4 26.
Ne2 e6 27. Rxc6 Kf5 28. Nd4+ Kg6 29. Nxe6 Be7 30. Nc7 Rc8 31. c4 Bd8 32. Rd6 Bxc7 33. Rc6 Bf4+ 0-1

[Event "*** Qualifier 1: Titled Tuesday 3|2 Blitz"]
[Site "Chess.com"]
[Date "2017.04.04"]
[Round "4"]
[White "larso"]
[Black "AkshatChandra"]
[Result "1-0"]
[WhiteElo "2443"]
[BlackElo "2636"]
[TimeControl "180+2"]
[EndTime "13:51:33 PDT"]
[Termination "larso won by resignation"]

1. d4 Nf6 2. Bf4 e6 3. e3 c5 4. Nc3 d5 5. Nb5 Na6 6. h3 Be7 7. Nf3 O-O 8. c3 Qb6 9. Be2 c4 10. a4 Bd7 11. b3 Bxb5 12. axb5 Qxb5 13. bxc4 dxc4 14. Ne5 Rfc8 15. Rb1 Qa5 16. O-O b5 17. Bf3 Nd5 18. Bxd5 exd5 19. Qf3 Bf6 20. Qxd5 Bxe5 21.
Bxe5 Qxc3 22. Qxb5 Nc7 23. Qb7 Ne6 24. Rfc1 Qd3 25.
Ra1 h6 26. Rxa7 Rxa7 27. Qxc8+ Kh7 28. Qxc4 Qa3 29. Qc2+ Kg8 30. Rb1 Ra8 31. d5 Ng5 32.
d6 f6 33. d7 fxe5 34. Qc8+ Rxc8 35. dxc8=Q+ Kh7 36. Qc2+ Kg8 37. Rb8+ Kf7 38. Qf5+ Ke7 39. Rb7+ 1-0

[Event "*** Qualifier 1: Titled Tuesday 3|2 Blitz"]
[Site "Chess.com"]
[Date "2017.04.04"]
[Round "4"]
[White "Gabix_94"]
[Black "tigra"]
[Result "1/2-1/2"]
[WhiteElo "2512"]
[BlackElo "2596"]
[TimeControl "180+2"]
[EndTime "13:51:38 PDT"]
[Termination "Game drawn by repetition"]

1. e4 e6 2. d4 d5 3. Nc3 Bb4 4.
Ne2 dxe4 5. a3 Bxc3+ 6. Nxc3 f5 7. Be3 Nf6 8. f3 exf3 9. Qxf3 Nc6 10. O-O-O Nd5 11. Bf2 O-O 12. Bc4 Nxc3 13. Qxc3 Qf6 14. Rhe1 Kh8 15. Kb1 Bd7 16. Bg3 f4 17. Bf2 Ne7 18.
Qb4 b6 19. Qb3 Nd5 20. Bxd5 exd5 21. Qxd5 Bc6 22. Qc4 b5 23. Qf1 Bd5 24. Re5 Qc6 25. Qe1 Rfe8 26. g3 f3 27. b3 a5 28. Rd3 a4 29. Rc3 Qg6 30. bxa4 bxa4 31. Rxc7 h6 32.
Qe3 Rab8+ 33. Kc1 Kh7 34. h4 Be4 35. h5 Qg4 36. Rce7 Rxe7 37. Rxe7 Bf5 38. Qe5 Rc8 39. Rc7 Rxc7 40. Qxc7 Qe4 41. Kb2 Qe2 42. Qc5 Be4 43. d5 Bf5 44. d6 Qe4 45. Bd4 Kg8 46. Bf2 Kh7 47. Bd4 Kg8 48. Bf2 Kh7 1/2-1/2

[Event "*** Qualifier 1: Titled Tuesday 3|2 Blitz"]
[Site "Chess.com"]
[Date "2017.04.04"]
[Round "4"]
[White "Spartakus1975"]
[Black "korason34"]
[Result "0-1"]
[WhiteElo "2500"]
[BlackElo "2366"]
[TimeControl "180+2"]
[EndTime "13:51:43 PDT"]
[Termination "korason34 won by resignation"]

1. e4 c5 2. c3 Nf6 3. e5 Nd5 4.
Nf3 d6 5. d4 cxd4 6. Qxd4 Nb6 7. exd6 Qxd6 8. Qxd6 exd6 9. Na3 Nc6 10. Nb5 Kd8 11. Bf4 Be6 12. Nxd6 Bxd6 13. Bxd6 Re8 14. O-O-O Bxa2 15. Bf8+ Kc7 16. Bxg7 Bb3 17. Re1 Rxe1+ 18. Nxe1 a5 19. Nc2 a4 20. Bb5 Rg8 21. Bxc6 Kxc6 22. Be5 Nc4 23. Nb4+ Kb5 24. Bg3 Re8 25. Nd3 Re2 26. Bf4 Rc2+ 27. Kb1 a3 28. Rc1 Re2 29. Be3 axb2 30. Re1 Bc2+ 31. Ka2 Rxe1 0-1